 Dungeon Crawl Stone Soup version 0.29.1-15-g9cfb28693d (webtiles) character file.

Game seed: 3283717776328674584

357 croobank the Firebug (level 6, -1/38 (41) HPs)
             Began as a Demonspawn Fire Elementalist on Mar 23, 2023.
             Slain by a wight
             ... wielding a +1 war axe
              (9 damage)
             ... in an ossuary.
             The game lasted 00:13:04 (4166 turns).

croobank the Firebug (Demonspawn Fire Elementalist) Turns: 4166, Time: 00:13:04

HP:   -1/38 (41)    AC:  4    Str:  9    XL:     6   Next: 36%
MP:   10/10         EV: 12    Int: 18    God:
Gold: 156           SH:  4    Dex: 13    Spells: 1/10 levels left

rFire   . . .      SeeInvis .   h - +0 dagger
rCold   . . .      Faith    .   (no shield)
rNeg    . . .      Spirit   .   a - +0 robe
rPois   .          Reflect  .   (helmet restricted)
rElec   .          Harm     .   f - +1 cloak
rCorr   .          Rampage  .   (no gloves)
Will    .....                   (no boots)
Stlth   ++........              (no amulet)
HPRegen 0.12/turn               (no ring)
MPRegen 0.12/turn               (no ring)

@: drained
A: horns 1, demonic guardian 1, condensation shield
a: no special abilities


You were in an ossuary.
You visited 1 branch of the dungeon, and saw 6 of its levels.
You also visited: Ossuary.

You collected 156 gold pieces.

Inventory:

Hand Weapons
 g - a +0 spear
 h - a +0 dagger (weapon)
Armour
 a - a +0 robe (worn)
 c - the +1 scale mail "Muageak" {Harm rF++ Int+4}
   (You found it on level 6 of the Dungeon)

   Int:       It affects your intelligence (+4).
   rF:        It greatly protects you from fire.
   Harm:      It increases damage dealt and taken.
 f - a +1 cloak (worn)
Scrolls
 b - a scroll of blinking
Potions
 i - 3 potions of resistance {unknown}
 k - a potion of haste {unknown}


   Skills:
 + Level 2.6 Dodging
 + Level 2.9 Stealth
 + Level 2.9 Spellcasting
 + Level 2.4 Conjurations
 + Level 3.4 Fire Magic
 * Level 2.0 Air Magic
 * Level 2.3 Poison Magic


You had one spell level left.
You knew the following spells:

 Your Spells              Type           Power      Damage    Failure   Level
a - Foxfire               Conj/Fire      52%        2x1d6     4%          1
b - Scorch                Fire           30%        2d6       6%          2
c - Mephitic Cloud        Conj/Pois/Air  10%        N/A       19%         3
d - Inner Flame           Hex/Fire       8%         N/A       24%         3

Your spell library contained the following spells:

 Spells                   Type           Power      Damage    Failure   Level
 Conjure Flame            Conj/Fire      13%        6-21      14%         3
 Ignite Poison            Fire/Tmut/Pois 9%         N/A       22%         3
 Flame Wave               Conj/Fire      13%        2d6       43%         4
 Animate Armour           Summ/Erth      4%         N/A       86%         4
 Freezing Cloud           Conj/Ice/Air   4%         6-21      94%         5
 Blade Hands              Tmut           1%         N/A       99%         5
 Iron Shot                Conj/Erth      3%         9d2       100%        6


Dungeon Overview and Level Annotations

Branches:
Dungeon (6/15)            Ossuary (1/1)
 Temple: D:4-7

Altars:

Annotations:
D:2 Sigmund


Innate Abilities, Weirdness & Mutations

You have a pair of small horns on your head.
A weak demonic guardian rushes to your aid.
A meltable shield of frost defends you. (SH +4)


Message History

Flames lash the wight.
The wight is burned terribly!
The wight is severely damaged.
The wight hits you with a +1 war axe.
Casting: Scorch (safe; 6% risk of failure)
Confirm with . or Enter, or press ? or * to list all spells.
Flames lash the wight but do no damage.
The wight hits you with a +1 war axe!
You feel drained.
Casting: Scorch (safe; 6% risk of failure)
Confirm with . or Enter, or press ? or * to list all spells.
Flames lash the wight.
The wight is burned terribly!
The wight is almost destroyed.
The wight hits you with a +1 war axe!
* * * LOW HITPOINT WARNING * * *
A demonic guardian appears!
You are confused.
You feel invigorated.
Your white imp hits the wight but does no damage.
The wight hits you with a +1 war axe.
* * * LOW HITPOINT WARNING * * *
The wight hits your white imp with a +1 war axe.
The wight attacks as you move away! The wight closely misses you.
The wight hits your white imp with a +1 war axe!
Your white imp dies!
Your white imp disappears in a puff of smoke!
You bump into the stone wall.
The wight barely misses you.
You closely miss the wight. Your punch misses the wight.
The wight is almost destroyed.
You feel less invigorated.
You feel less confused. The wight barely misses you.
You barely miss the wight.
The wight is almost destroyed.
The wight hits you with a +1 war axe!
* * * LOW HITPOINT WARNING * * *
You feel drained.
* * * LOW HITPOINT WARNING * * *
You hit the wight but do no damage.
The wight is almost destroyed.
The wight hits you with a +1 war axe!
You die...

....'......8.....#
....'.....8#8....#
..#####....8.....#
### ###........# #
##.......#
##......# #......#
##.....#
!!$####..z@#
∩$!...'....####
?[?#########∩∩#
##.....'..#
#......'..#
##......'..# #
##.......#..# ###
###........####
..#####....8.....#


You could see a wight (combustible).

Vanquished Creatures
  A scorpion (Ossuary)
  A water moccasin zombie (Ossuary)
  2 bullfrog zombies (Ossuary)
  2 centaur zombies (Ossuary)
  A scorpion zombie (Ossuary)
  2 adders
  A white imp (D:5)
  4 adder zombies (Ossuary)
  3 ball pythons
  3 bats
  2 endoplasms
  9 giant cockroaches (D:1)
  3 gnoll zombies (Ossuary)
  6 hobgoblins
  A quokka (D:1)
  3 frilled lizards (D:2)
  2 goblins
  A goblin zombie (Ossuary)
  2 hobgoblin zombies (Ossuary)
  4 kobolds
  3 orc zombies (Ossuary)
  2 rats (D:1)
58 creatures vanquished.

Vanquished Creatures (others)
  169 foxfires
169 creatures vanquished.

Grand Total: 227 creatures vanquished

Notes
Turn   | Place    | Note
-------+----------+-------------------------------------------
     0 | D:1      | croobank the Demonspawn Fire Elementalist began the quest
                  | for the Orb.
     0 | D:1      | Reached XP level 1. HP: 13/13 MP: 3/3
   613 | D:1      | Gained mutation: A meltable shield of frost defends you.
                  | (SH +4) [demonic ancestry]
   613 | D:1      | Reached XP level 2. HP: 5/19 MP: 3/5
   616 | D:1      | Learned a level 2 spell: Scorch
  1529 | D:1      | Reached XP level 3. HP: 24/24 MP: 2/6
  1605 | D:1      | Found a faded altar of an unknown god.
  1862 | D:2      | Noticed Sigmund
  2157 | D:2      | Reached skill level 3 in Fire Magic
  2440 | D:4      | You fall into a shaft and drop 2 floors!
  2444 | D:6      | Noticed a necrophage
  2444 | D:6      | Noticed a bullfrog
  2500 | D:6      | Learned a level 3 spell: Mephitic Cloud
  2642 | D:6      | Noticed a black bear
  2668 | D:6      | Identified the +1 scale mail "Muageak" {Harm rF++ Int+4}
  2677 | D:5      | Entered Level 5 of the Dungeon
  2738 | D:4      | Found a sand-covered staircase.
  2751 | Ossuary  | Entered an ossuary
  2778 | Ossuary  | Reached XP level 4. HP: 30/30 MP: 3/7
  3148 | Ossuary  | Reached skill level 1 in Air Magic
  3148 | Ossuary  | Reached skill level 1 in Poison Magic
  3328 | Ossuary  | Gained mutation: A weak demonic guardian rushes to your
                  | aid. [demonic ancestry]
  3328 | Ossuary  | Reached XP level 5. HP: 32/35 MP: 1/8
  3893 | Ossuary  | Discovered your monstrous ancestry.
  3893 | Ossuary  | Gained mutation: You have a pair of small horns on your
                  | head. [demonic ancestry]
  3893 | Ossuary  | Reached XP level 6. HP: 41/41 MP: 3/10
  4144 | Ossuary  | Learned a level 3 spell: Inner Flame
  4166 | Ossuary  | Slain by a wight

Illustrated notes

Levels and vault maps discovered:
D:1:      lemuel_arrival_room, layout_basic, ebering_ecumenical_altar_petrified,
          minmay_worlds_worst_comb
D:2:      layout_rooms, basic_altar, uniq_sigmund
D:3:      layout_basic, mainiacjoe_overflow_24_doors, serial_shops,
          nicolae_shop_temple_entry_statues_fountains
D:4:      layout_basic, enter_ossuary_1, minmay_misc_feat_five, hex_large,
          minmay_misc_feat_room, minmay_starry_boxes
D:5:      layout_loops_ring, serial_shops, kennysheep_mini_moat
D:6:      layout_rooms
Ossuary:  ossuary_hellmonk_silent_tomb

Skill      XL: |  1  2  3  4  5  6 |
---------------+-------------------+-----
Stealth        | 2 |  2.9
Dodging        | 2 |  2.6
Fire Magic     | 3 |  3.4
Conjurations   | 2 |  2.4
Air Magic      | 1 2 |  2.0
Poison Magic   | 1 2 |  2.3
Spellcasting   | |  2.9

Action                   |  1- 3 |  4- 6 || total
-------------------------+-------+-------++-------
Melee: Unarmed           |    12 |       ||    12
       Dagger            |     3 |    23 ||    26
 Cast: Foxfire           |    49 |    46 ||    95
       Scorch            |    17 |    21 ||    38
  Use: Potion            |     2 |     1 ||     3
       Scroll            |     5 |       ||     5
 Stab: Sleeping          |     1 |       ||     1
Armor: Robe              |    17 |     5 ||    22
Dodge: Dodged            |    40 |    20 ||    60
Block: Other             |     7 |     1 ||     8
